Map: Black Site 2E

Players

BRAZUCA

  • Race: Terran Terran
  • League: Gold
  • Spawn Location: 12:00

Wayin

  • Race: Protoss Protoss
  • Spawn Location: 11:00

Metasapien

  • Race: Zerg Zerg
  • League: Gold
  • Spawn Location: 9:00

RexTowns

  • Race: Protoss Protoss
  • League: Gold
  • Spawn Location: 5:00

Vmos

  • Race: Zerg Zerg
  • Spawn Location: 3:00

Stimpy

  • Race: Terran Terran
  • League: Bronze
  • Spawn Location: 6:00

VOD

Have the link to the VOD?

Description

Time

  • Played on: Sept. 16, 2017, 5:35 p.m.
  • Length: 23:01
Show
View Real Time Build Order
Export as new Build Order

BRAZUCA Terran 

Build Orders:  

Get SALT Encoding   

  12  0:03  SCV  
  13  0:15  SCV  
  13  0:19  Supply Depot  
  14  0:27  SCV  
  15  0:40  SCV  
  16  1:06  Refinery, Barracks  
  16  1:07  SCV  
  17  1:19  SCV  
  18  1:31  SCV  
  19  1:33  Command Center  
  19  1:43  SCV  
  20  1:55  SCV  
  20  1:58  Marine  
  20  2:00  Refinery  
  22  2:08  SCV  
  23  2:25  Supply Depot  
  23  2:33  Bunker  
  23  2:37  Supply Depot  
  23  2:45  SCV  
  23  2:49  Barracks Reactor  
  24  2:52  Barracks  
  24  2:57  SCV  
  25  3:10  Supply Depot  
  25  3:13  Supply Depot  
  25  3:15  Orbital Command  
  25  3:19  Orbital Command  
  25  3:24  Bunker  
  25  3:27  Marine x2  
  27  3:38  Supply Depot  
  27  3:45  Marine x2  
  29  3:51  Barracks Tech Lab, SCV  
  30  4:04  SCV  
  30  4:07  Barracks  
  30  4:08  Marine x2  
  33  4:16  Engineering Bay  
  33  4:23  SCV  
  33  4:24  SCV  
  35  4:35  SCV  
  36  4:38  Factory  
  36  4:53  Factory, SCV  
  36  4:58  Refinery  
  37  5:03  Barracks Tech Lab  
  37  5:04  Refinery  
  37  5:05  Barracks Reactor, SCV  
  38  5:08  Terran Infantry Weapons Level 1  
  38  5:17  SCV  
  38  5:21  SCV  
  40  5:29  SCV  
  40  5:33  SCV  
  40  5:34  Starport, Barracks Reactor  
  42  5:41  SCV  
  43  5:43  Siege Tank  
  43  5:44  Siege Tank  
  43  5:45  SCV  
  50  5:53  Bunker, SCV  
  50  5:56  Missile Turret  
  51  5:57  SCV  
  52  6:05  SCV  
  52  6:09  SCV  
  52  6:10  Supply Depot  
  54  6:13  Barracks  
  54  6:16  Barracks  
  54  6:25  Missile Turret  
  54  6:28  Supply Depot  
  54  6:29  Starport Reactor  
  54  6:34  Missile Turret  
  54  6:42  Marine x3  
  54  6:46  Engineering Bay  
  57  6:50  Supply Depot  
  57  6:52  Marine x3  
  63  6:54  Siege Tank x2  
  63  6:59  Command Center  
  63  7:00  SCV x2  
  68  7:12  SCV x2  
  70  7:17  Supply Depot  
  70  7:24  SCV, Marine x3  
  70  7:25  Marine  
  70  7:26  Siege Tank x2  
  70  7:29  Barracks Tech Lab x2  
  82  7:34  Barracks  
  82  7:35  Missile Turret  
  82  7:39  Barracks  
  81  7:56  Missile Turret  
  81  8:04  Missile Turret  
  81  8:11  Terran Infantry Armor Level 1  
  81  8:17  Missile Turret  
  81  8:19  Stimpack  
  81  8:20  Barracks Tech Lab  
  81  8:21  Armory  
  81  8:23  Medivac x2  
  81  8:24  Missile Turret, SCV  
  81  8:25  SCV  
  87  8:30  Orbital Command  
  87  8:34  Barracks Reactor  
  87  8:35  Barracks Reactor  
  87  8:36  SCV  
  87  8:37  SCV  
  87  8:40  Refinery  
  89  8:41  Marine  
  89  8:42  Refinery, Marine x5  
  89  8:47  Siege Tank  
  98  8:53  Medivac x2  
  102  8:58  SCV x2  
  104  9:05  Marine x6  
  104  9:06  Marine x2  
  104  9:08  Supply Depot  
  112  9:10  SCV  
  112  9:11  SCV  
  112  9:14  Bunker  
  114  9:22  Marine  
  114  9:23  Marine  
  116  9:51  Medivac x2  
  120  9:59  SCV x2  
  122  10:01  Marine x3  
  122  10:02  Marine x2  
  127  10:11  SCV x3  
  130  10:18  Combat Shields  
  130  10:20  Concussive Shells  
  130  10:21  Medivac  
  132  10:22  Terran Vehicle Weapons Level 1, Command Center  
  132  10:23  Command Center  
  132  10:27  Supply Depot  
  132  10:36  Terran Infantry Weapons Level 2, Supply Depot  
  132  10:40  Terran Infantry Armor Level 2  
  132  10:48  Medivac  
  134  10:50  Supply Depot  
  134  10:51  Medivac  
  136  10:59  Supply Depot  
  136  11:18  Medivac  
  136  11:21  Medivac  
  131  11:34  Marine x7  
  131  11:35  Marine x5  
  131  11:37  Missile Turret x2  
  131  11:38  Missile Turret  
  143  11:52  Marine x11  
  143  11:53  Marine  
  155  11:58  Missile Turret  
  155  12:07  Missile Turret  
  155  12:09  Marine  
  155  12:10  Missile Turret, Marine x11  
  167  12:27  Marine  
  167  12:28  Marine x11  
  179  12:40  Planetary Fortress  
  179  12:45  Marine x2  
  179  12:46  Refinery, Marine x7  
  179  12:49  Refinery  
  163  13:06  Marine  
  163  13:07  Marine x6  
  163  13:08  Marine x5  
  144  13:24  Marine  
  133  13:28  Marine  
  133  13:33  Marine x3  
  133  13:34  Marine x5  
  132  13:38  Planetary Fortress  
  135  13:43  Missile Turret  
  135  13:44  Missile Turret x2  
  135  13:45  Refinery  
  135  13:46  Thor x2  
  135  13:47  Refinery, Missile Turret, Marine  
  148  13:54  Terran Infantry Weapons Level 3  
  148  14:28  Thor  
  148  14:29  Thor  
  160  14:42  Marine x5  
  160  14:43  Factory  
  160  14:44  Factory  
  165  14:47  Factory  
  140  15:00  Marine  
  140  15:01  Marine x2  
  121  15:11  Thor  
  121  15:14  Marine x5  
  124  15:15  Marine x4  
  124  15:18  Marine  
  124  15:19  Marine x2  
  135  15:32  Marine x9  
  144  15:36  Marine  
  144  15:37  Marine x2  
  143  15:49  Marine  
  128  15:50  Marine x7  
  128  15:51  Marine  
  128  15:54  Marine x3  
  128  15:56  Medivac x2  
  127  16:07  Marine  
  127  16:08  Marine x7  
  127  16:09  Marine  
  127  16:12  Marine x3  
  127  16:15  Cyclone  
  133  16:26  Medivac x2  
  134  16:38  Widow Mine  
  134  16:39  Widow Mine  
  115  16:41  Widow Mine  
  115  16:43  Factory Reactor  
  115  16:47  Marine  
  114  16:56  Medivac x2  
  115  17:04  Missile Turret  
  115  17:05  Missile Turret  
  115  17:06  Missile Turret  
  115  17:07  Widow Mine x2  
  119  17:14  Factory Reactor  
  119  17:23  Factory Reactor  
  119  17:35  Widow Mine  
  119  17:36  Widow Mine  
  123  17:39  Drilling Claws  
  123  17:41  Terran Vehicle Weapons Level 2  
  123  17:43  Terran Infantry Armor Level 3  
  123  17:47  Medivac x2, Marine  
  123  17:48  Marine x4  
  129  18:00  Widow Mine  
  129  18:01  Widow Mine x3  
  129  18:04  Widow Mine  
  129  18:05  Widow Mine  
  140  18:17  Medivac x2  
  108  18:32  Widow Mine  
  108  18:33  Widow Mine  
  103  18:46  Medivac  
  103  18:47  Medivac  
  104  18:53  Marine x5  
  104  18:54  Marine x7  
  112  19:01  Widow Mine  
  112  19:02  Widow Mine  
  111  19:11  Marine x6  
  117  19:17  Marine x5  
  117  19:18  Marine  
  121  19:28  Marine  
  121  19:29  Marine x4  
  121  19:30  Hellion, Widow Mine  
  128  19:51  Widow Mine  
  130  19:59  Widow Mine  
  132  20:00  Marine  
  101  21:05  Marine x8  
  101  21:06  Marine x4  
  111  21:23  Marine x2  
  111  21:33  Marine x6  
  117  21:49  Orbital Command  
  116  21:59  Marine x3  
  116  22:00  Marine  
  118  22:16  Widow Mine  
Show
View Real Time Build Order
Export as new Build Order

Wayin Protoss 

Build Orders:  

Get SALT Encoding   

  12  0:13  Probe (Chrono Boost)  
  13  0:27  Pylon  
  13  0:32  Probe (Chrono Boost)  
  14  0:46  Probe (Chrono Boost)  
  16  0:57  Probe (Chrono Boost)  
  16  1:09  Nexus  
  16  1:14  Probe (Chrono Boost)  
  17  1:19  Forge  
  17  1:24  Probe (Chrono Boost)  
  18  1:28  Pylon  
  18  1:42  Probe (Chrono Boost)  
  18  1:47  Assimilator  
  19  1:52  Probe (Chrono Boost)  
  20  1:57  Gateway  
  20  2:03  Probe (Chrono Boost)  
  21  2:14  Probe (Chrono Boost)  
  22  2:22  Photon Cannon  
  22  2:24  Probe x2 (Chrono Boost)  
  24  2:34  Probe (Chrono Boost), Assimilator  
  24  2:35  Probe (Chrono Boost)  
  26  2:45  Probe (Chrono Boost), Photon Cannon  
  26  2:46  Pylon  
  27  2:55  Cybernetics Core  
  27  2:56  Probe (Chrono Boost)  
  28  3:06  Probe (Chrono Boost)  
  28  3:10  Photon Cannon  
  29  3:20  Photon Cannon  
  29  3:23  Probe (Chrono Boost)  
  31  3:34  Probe (Chrono Boost)  
  31  3:36  Photon Cannon  
  31  3:40  Probe (Chrono Boost)  
  32  3:50  Probe (Chrono Boost)  
  32  3:52  Mothership Core (Chrono Boost)  
  35  4:08  Warp Gate (Chrono Boost)  
  35  4:09  Probe (Chrono Boost)  
  36  4:17  Assimilator  
  36  4:19  Probe  
  36  4:22  Assimilator  
  37  4:26  Pylon  
  37  4:30  Probe  
  37  4:31  Probe  
  39  4:40  Probe  
  39  4:43  Probe  
  41  4:51  Probe  
  42  4:55  Probe  
  43  5:01  Probe, Pylon  
  44  5:07  Probe  
  44  5:12  Probe  
  46  5:19  Probe  
  47  5:22  Probe  
  47  5:23  Pylon  
  48  5:32  Stargate  
  48  5:37  Stargate  
  48  5:40  Stargate  
  48  5:49  Pylon  
  48  5:52  Protoss Air Weapons Level 1 (Chrono Boost), Robotics Facility  
  48  5:57  Probe, Cybernetics Core  
  49  6:07  Probe  
  50  6:18  Probe  
  50  6:24  Void Ray x3, Nexus  
  63  6:28  Probe, Pylon  
  63  6:31  Pylon  
  63  6:32  Pylon  
  64  6:38  Assimilator  
  64  6:39  Probe  
  64  6:43  Assimilator  
  65  6:50  Probe  
  66  6:58  Photon Cannon  
  66  7:00  Probe, Photon Cannon  
  66  7:02  Photon Cannon, Protoss Air Armor Level 1 (Chrono Boost)  
  66  7:05  Photon Cannon  
  66  7:06  Pylon  
  67  7:11  Photon Cannon  
  67  7:12  Photon Cannon  
  67  7:15  Observer  
  68  7:16  Void Ray x2  
  76  7:35  Photon Cannon  
  76  7:59  Observer  
  76  8:00  Void Ray  
  76  8:01  Void Ray x2  
  89  8:26  Probe  
  90  8:36  Probe  
  91  8:59  Void Ray x3  
  103  9:06  Fleet Beacon  
  103  9:11  Pylon  
  103  9:13  Pylon  
  103  9:16  Pylon  
  103  9:31  Stargate  
  103  9:34  Stargate  
  103  10:04  Probe  
  104  10:14  Carrier x3 (Chrono Boost), Probe  
  122  10:15  Tempest  
  122  10:17  Tempest  
  135  10:23  Protoss Air Weapons Level 2 (Chrono Boost)  
  135  10:24  Anion Pulse-Crystals  
  135  10:25  Probe  
  135  10:28  Observer  
  137  10:35  Probe  
  138  10:46  Probe  
  139  11:02  Carrier (Chrono Boost)  
  139  11:03  Tempest (Chrono Boost)  
  151  11:09  Observer  
  152  11:50  Pylon  
  152  11:52  Pylon  
  152  11:54  Pylon  
  152  11:56  Pylon  
  152  11:58  Pylon  
  102  13:27  Tempest x2 (Chrono Boost)  
  102  13:31  Tempest x2 (Chrono Boost)  
  102  13:32  Tempest (Chrono Boost)  
  108  14:11  Tempest (Chrono Boost)  
  108  14:12  Tempest (Chrono Boost)  
  108  14:15  Tempest x2 (Chrono Boost)  
  108  14:16  Tempest (Chrono Boost)  
  132  15:03  Tempest x2 (Chrono Boost)  
  162  15:07  Tempest x2 (Chrono Boost)  
  162  15:08  Tempest (Chrono Boost)  
  101  17:13  Tempest (Chrono Boost)  
  101  17:14  Tempest (Chrono Boost)  
  131  17:19  Tempest x3 (Chrono Boost)  
  131  17:27  Nexus  
  131  17:31  Pylon  
  131  17:33  Pylon  
  131  17:36  Pylon  
  131  17:39  Pylon  
  93  19:48  Tempest (Chrono Boost)  
  93  19:49  Tempest (Chrono Boost)  
  123  19:54  Tempest x3 (Chrono Boost)  
  123  20:12  Assimilator  
  123  20:17  Assimilator  
  123  20:20  Photon Cannon  
  123  20:22  Photon Cannon  
  123  20:24  Photon Cannon  
  123  20:30  Photon Cannon  
  123  20:33  Photon Cannon  
  123  20:34  Photon Cannon  
  122  21:45  Tempest (Chrono Boost)  
  122  21:46  Tempest (Chrono Boost)  
  152  21:50  Tempest x3 (Chrono Boost)  
Show
View Real Time Build Order
Export as new Build Order

Metasapien Zerg 

Build Orders: Hatch First 

Get SALT Encoding   

  12  0:03  Drone  
  13  0:14  Overlord  
  13  0:18  Drone  
  14  0:24  Extractor  
  14  0:25  Drone  
  15  0:36  Drone  
  15  0:37  Drone  
  17  0:57  Hatchery  
  17  0:58  Drone  
  17  1:02  Drone  
  18  1:15  Spawning Pool  
  17  1:18  Extractor  
  17  1:20  Drone  
  17  1:23  Drone  
  18  1:38  Drone  
  19  1:47  Drone  
  19  1:52  Overlord  
  20  2:07  Queen  
  22  2:11  Queen  
  22  2:12  Overlord  
  24  2:18  Roach Warren  
  23  2:25  Drone x2  
  23  2:27  Zergling x2  
  23  2:28  Drone  
  27  2:37  Drone  
  27  2:39  Drone  
  27  2:42  Metabolic Boost  
  29  2:44  Extractor  
  29  2:46  Drone  
  29  2:59  Roach x2  
  29  3:01  Overlord  
  33  3:07  Drone  
  33  3:11  Drone  
  35  3:26  Roach  
  35  3:27  Roach x2  
  41  3:41  Drone x2  
  41  3:43  Drone x3  
  41  3:44  Drone x2  
  41  3:47  Extractor  
  47  3:52  Extractor  
  47  3:53  Overlord  
  47  3:54  Overlord  
  46  4:05  Drone x2  
  48  4:12  Drone x3  
  48  4:14  Drone x3  
  54  4:18  Overlord x2  
  54  4:21  Ravager x3  
  57  4:29  Roach  
  57  4:31  Roach  
  61  4:45  Drone  
  62  4:47  Drone  
  62  4:49  Lair  
  63  4:55  Overlord  
  63  4:57  Pneumatized Carapace  
  63  5:01  Zergling x2, Roach  
  63  5:04  Hatchery  
  65  5:07  Drone  
  65  5:10  Drone x2  
  68  5:26  Zergling x4  
  68  5:28  Roach x3  
  76  5:35  Overlord  
  76  5:45  Roach x2  
  76  5:46  Roach  
  76  5:47  Drone, Roach  
  76  5:48  Drone  
  86  5:52  Overlord  
  86  5:54  Overlord  
  86  6:04  Hydralisk Den  
  86  6:05  Drone  
  86  6:06  Infestation Pit  
  86  6:09  Overlord  
  85  6:15  Roach x3  
  85  6:17  Drone  
  85  6:18  Drone x4  
  96  6:19  Queen  
  96  6:22  Burrow  
  98  6:27  Drone  
  98  6:30  Drone  
  100  6:36  Overseer  
  100  6:38  Hydralisk x3  
  106  6:40  Drone  
  107  6:49  Drone  
  108  6:59  Extractor  
  107  7:07  Queen  
  110  7:08  Drone  
  110  7:10  Overlord x3  
  110  7:12  Glial Reconstitution  
  110  7:21  Drone x2  
  112  7:25  Extractor  
  112  7:26  Hydralisk x2  
  112  7:27  Hydralisk x4  
  112  7:28  Evolution Chamber x2  
  121  7:42  Muscular Augments  
  121  7:51  Hydralisk x3  
  121  7:52  Roach x3, Hydralisk x2  
  121  7:53  Hydralisk x2  
  121  7:55  Zerg Missile Weapons Level 1  
  141  8:01  Zerg Ground Armor Level 1  
  141  8:22  Ravager x2  
  141  8:23  Overlord x4  
  141  8:24  Overlord x3  
  143  8:29  Drone x3  
  143  8:30  Drone  
  143  8:32  Drone x2  
  149  8:44  Spore Crawler  
  149  8:45  Drone  
  149  8:46  Unknown, Drone x3  
  152  8:55  Spore Crawler  
  151  8:58  Spore Crawler  
  151  9:00  Drone x3  
  151  9:02  Drone x2  
  155  9:04  Spore Crawler  
  155  9:06  Spore Crawler  
  153  9:11  Drone x2, Spore Crawler  
  154  9:21  Hydralisk x4  
  154  9:22  Roach x5, Hydralisk x2  
  165  9:40  Overlord  
  165  9:41  Overlord x4, Overseer x3  
  165  9:42  Overlord  
  147  9:49  Overlord x2  
  147  9:50  Swarm Host  
  148  10:01  Queen  
  148  10:02  Queen  
  152  10:14  Hydralisk x2  
  152  10:15  Zerg Missile Weapons Level 2, Roach x2  
  152  10:18  Zerg Ground Armor Level 2  
  144  10:48  Hydralisk x2  
  144  10:49  Roach x3, Hydralisk x2  
  136  10:50  Roach x2  
  122  10:57  Hatchery  
  121  11:06  Roach, Hydralisk x2  
  127  11:25  Hydralisk x2  
  123  11:26  Roach x3, Hydralisk  
  135  11:44  Tunneling Claws  
  135  11:46  Roach, Hydralisk x4  
  135  11:47  Hydralisk, Hatchery, Roach x3  
  152  12:18  Queen  
  152  12:19  Drone  
  155  12:24  Hydralisk x4  
  155  12:25  Hydralisk, Roach x4  
  155  12:26  Infestor x3, Roach  
  155  12:27  Infestor x2  
  185  12:32  Swarm Host  
  185  12:33  Swarm Host  
  191  12:54  Infestor x5  
  183  13:06  Hydralisk x12  
  115  13:51  Hydralisk  
  115  13:52  Roach x2, Hydralisk x3  
  115  13:53  Roach  
  129  13:57  Infestation Pit, Hive  
  128  14:04  Spire  
  128  14:07  Drone x4  
  131  14:11  Extractor  
  131  14:13  Extractor  
  129  14:17  Roach x2, Hydralisk x4  
  129  14:18  Hydralisk x3, Roach x5  
  129  14:19  Roach x3, Hydralisk x4  
  129  14:20  Hydralisk, Roach x4  
  129  14:21  Roach  
  183  14:33  Drone x2  
  183  14:36  Queen  
  187  14:48  Roach  
  187  14:49  Hydralisk x3  
  187  14:50  Roach x2  
  199  14:59  Infestor  
  135  15:37  Hydralisk x3  
  135  15:38  Roach x3, Hydralisk x5  
  135  15:39  Hydralisk x2, Roach x6  
  141  15:58  Roach x2, Hydralisk x4  
  153  16:14  Mutalisk  
  153  16:15  Viper, Mutalisk, Hydralisk x2  
  153  16:16  Roach x3  
  153  16:17  Roach  
  168  16:35  Hydralisk  
  168  16:36  Hydralisk x3  
  168  16:37  Hydralisk  
  146  16:51  Ravager x2  
  142  16:58  Ravager  
  113  17:29  Zerg Melee Weapons Level 1  
  110  17:36  Ultralisk Cavern  
  109  17:51  Adrenal Glands  
  109  17:55  Zergling x28  
  109  17:56  Zergling x10  
  107  18:50  Zergling x6  
  107  18:51  Zergling x42  
  107  18:52  Zergling x2  
  130  19:08  Infestor  
  90  19:42  Roach x6  
  90  19:43  Roach x2  
  106  19:57  Queen x6  
  82  20:45  Hydralisk x4  
  82  20:47  Roach x3  
  82  20:48  Roach  
  93  21:38  Zergling x2  
  93  21:39  Zergling x20  
  103  22:09  Zergling x4  
  103  22:12  Ravager  
  71  22:28  Zergling x18  
Show
View Real Time Build Order
Export as new Build Order

RexTowns Protoss 

Build Orders:  

Get SALT Encoding   

  12  0:03  Probe (Chrono Boost)  
  14  0:14  Probe (Chrono Boost)  
  14  0:21  Pylon  
  14  0:35  Probe (Chrono Boost)  
  15  0:42  Pylon  
  15  0:46  Probe (Chrono Boost)  
  16  0:56  Probe (Chrono Boost)  
  17  1:01  Gateway  
  17  1:07  Probe (Chrono Boost)  
  18  1:30  Nexus  
  18  1:46  Probe (Chrono Boost)  
  19  1:56  Probe (Chrono Boost)  
  19  1:58  Cybernetics Core  
  20  2:11  Nexus  
  20  2:28  Forge  
  20  3:15  Assimilator  
  20  3:19  Assimilator  
  20  3:23  Assimilator  
  20  3:27  Pylon  
  20  3:29  Assimilator  
  20  3:32  Pylon  
  20  3:38  Pylon  
  20  3:41  Assimilator  
  20  3:43  Pylon  
  20  3:47  Assimilator  
  20  3:49  Probe x3 (Chrono Boost)  
  23  3:57  Pylon  
  23  4:00  Probe x3 (Chrono Boost)  
  23  4:01  Pylon  
  26  4:12  Probe x3 (Chrono Boost)  
  29  4:22  Probe x3 (Chrono Boost)  
  32  4:28  Stargate  
  32  4:33  Probe x2 (Chrono Boost)  
  34  4:39  Stargate  
  34  4:47  Photon Cannon  
  34  4:54  Probe x2 (Chrono Boost)  
  34  4:57  Probe (Chrono Boost)  
  37  5:04  Probe (Chrono Boost)  
  37  5:05  Mothership Core (Chrono Boost)  
  40  5:07  Probe (Chrono Boost)  
  41  5:15  Probe (Chrono Boost)  
  41  5:18  Probe (Chrono Boost)  
  43  5:23  Probe (Chrono Boost)  
  43  5:26  Phoenix x2  
  48  5:40  Photon Cannon  
  48  5:48  Fleet Beacon  
  48  5:50  Protoss Air Weapons Level 1  
  48  5:57  Cybernetics Core  
  48  6:01  Phoenix  
  50  6:13  Phoenix  
  52  6:23  Probe x3 (Chrono Boost)  
  55  6:33  Probe x2 (Chrono Boost)  
  55  6:34  Probe (Chrono Boost)  
  55  6:38  Carrier (Chrono Boost)  
  64  6:44  Probe x2 (Chrono Boost)  
  66  6:48  Probe (Chrono Boost)  
  67  6:54  Probe x2 (Chrono Boost)  
  67  6:58  Probe (Chrono Boost)  
  70  7:05  Probe x2 (Chrono Boost)  
  72  7:09  Probe (Chrono Boost)  
  72  7:11  Carrier (Chrono Boost)  
  72  7:15  Probe x2 (Chrono Boost)  
  80  7:18  Probe (Chrono Boost)  
  82  7:26  Probe  
  83  7:34  Protoss Air Armor Level 1  
  83  7:48  Protoss Air Weapons Level 2  
  83  8:02  Stargate  
  83  8:05  Stargate  
  83  8:23  Photon Cannon  
  83  8:27  Probe  
  83  8:28  Probe x2  
  86  8:37  Carrier (Chrono Boost)  
  86  8:38  Carrier (Chrono Boost), Probe  
  86  8:40  Probe  
  86  8:41  Probe  
  101  8:44  Pylon  
  101  8:45  Pylon  
  101  8:48  Probe, Pylon, Graviton Catapult  
  101  8:52  Probe  
  101  8:53  Probe  
  104  9:05  Probe  
  105  9:46  Anion Pulse-Crystals  
  105  9:52  Carrier (Chrono Boost)  
  103  10:05  Carrier (Chrono Boost)  
  121  10:12  Carrier (Chrono Boost)  
  121  10:16  Carrier (Chrono Boost)  
  121  10:29  Protoss Air Weapons Level 3  
  121  10:31  Protoss Air Armor Level 2  
  121  11:05  Carrier (Chrono Boost)  
  127  11:15  Stargate  
  127  11:18  Stargate  
  127  11:20  Carrier (Chrono Boost)  
  133  12:12  Pylon  
  133  12:15  Pylon  
  133  12:17  Pylon  
  133  12:18  Pylon  
  133  12:25  Pylon  
  133  12:26  Pylon  
  133  12:28  Pylon  
  133  12:30  Pylon  
  133  12:36  Carrier (Chrono Boost)  
  163  12:38  Carrier (Chrono Boost)  
  163  12:43  Carrier (Chrono Boost)  
  163  12:45  Carrier (Chrono Boost)  
  163  12:47  Carrier (Chrono Boost)  
  109  13:25  Carrier (Chrono Boost)  
  115  13:27  Protoss Air Armor Level 3  
  115  13:53  Carrier (Chrono Boost)  
  115  13:54  Carrier (Chrono Boost)  
  151  14:38  Carrier x2 (Chrono Boost)  
  151  14:39  Carrier (Chrono Boost)  
  151  15:43  Carrier x3 (Chrono Boost)  
  169  16:04  Carrier x3 (Chrono Boost)  
  145  16:57  Carrier (Chrono Boost)  
  139  17:11  Carrier x2 (Chrono Boost)  
  163  17:29  Carrier (Chrono Boost)  
  163  17:30  Carrier (Chrono Boost)  
  163  17:46  Nexus  
  163  17:50  Assimilator  
  163  17:54  Assimilator  
  113  19:32  Carrier (Chrono Boost)  
  113  19:43  Carrier (Chrono Boost)  
  113  19:44  Probe  
  114  19:55  Probe  
  115  20:05  Probe  
  116  20:16  Probe  
  77  21:38  Nexus  
  80  22:20  Void Ray (Chrono Boost)  
Show
View Real Time Build Order
Export as new Build Order

Vmos Zerg 

Build Orders: Hatch First 

Get SALT Encoding   

  12  0:05  Drone  
  13  0:13  Drone  
  14  0:37  Hatchery  
  13  0:45  Drone  
  14  0:57  Spawning Pool  
  13  1:08  Drone  
  14  1:17  Extractor  
  14  1:18  Drone  
  14  1:21  Overlord  
  14  1:41  Drone  
  14  1:42  Drone x2  
  17  1:47  Queen  
  17  1:52  Drone  
  20  2:01  Drone  
  21  2:03  Drone  
  22  2:18  Roach Warren, Zergling x2  
  22  2:23  Drone  
  22  2:25  Drone  
  24  2:41  Drone x3  
  27  2:51  Spore Crawler  
  26  2:52  Spore Crawler  
  26  2:53  Drone  
  26  2:54  Drone  
  26  2:55  Drone  
  28  3:09  Overlord  
  28  3:17  Overlord  
  28  3:26  Queen  
  30  3:28  Roach x2  
  30  3:29  Roach  
  36  3:50  Drone x3  
  39  4:02  Hatchery  
  38  4:05  Lair  
  38  4:09  Drone  
  39  4:13  Extractor  
  38  4:18  Evolution Chamber  
  38  4:19  Drone  
  38  4:21  Drone  
  38  4:22  Drone x5, Evolution Chamber  
  43  4:44  Zerg Missile Weapons Level 1  
  43  4:58  Overlord x2  
  43  4:59  Drone  
  44  5:05  Overlord x2  
  44  5:10  Extractor  
  44  5:12  Queen, Extractor  
  44  5:20  Overseer  
  44  5:22  Overlord x2  
  44  5:29  Zerg Ground Armor Level 1  
  44  5:33  Drone x2  
  46  5:39  Drone x3  
  49  5:49  Roach x6  
  61  6:03  Drone x3  
  64  6:06  Queen  
  64  6:07  Extractor  
  64  6:09  Extractor  
  64  6:19  Overlord  
  64  6:20  Overlord x2  
  64  6:28  Hydralisk Den  
  64  6:31  Spine Crawler  
  62  6:37  Roach  
  62  6:38  Roach  
  62  6:39  Glial Reconstitution  
  66  6:43  Drone x5  
  71  6:48  Drone x2  
  73  7:22  Overlord  
  73  7:57  Roach  
  73  7:58  Roach x5  
  85  7:59  Zerg Missile Weapons Level 2  
  85  8:00  Zerg Ground Armor Level 2  
  85  8:03  Muscular Augments  
  85  8:22  Drone  
  85  8:23  Drone x5  
  85  8:26  Drone x3  
  94  8:27  Drone x3  
  97  8:56  Roach x2  
  101  9:05  Infestation Pit  
  101  9:08  Hydralisk  
  101  9:09  Hydralisk x3  
  108  9:11  Overlord, Hydralisk x5  
  118  9:21  Drone x5  
  119  9:44  Ravager  
  106  10:21  Hydralisk x4  
  106  10:27  Hive  
  78  11:01  Roach x6  
  78  11:03  Hydralisk x8  
  102  11:40  Queen  
  102  11:45  Spore Crawler  
  103  11:47  Spore Crawler x2  
  103  11:49  Spore Crawler  
  103  11:51  Spore Crawler  
  99  11:54  Hydralisk  
  99  11:55  Hydralisk x8  
  114  12:28  Roach x4  
  122  12:30  Overlord  
  122  12:31  Overlord x3  
  122  12:33  Zerg Missile Weapons Level 3  
  122  12:35  Zerg Ground Armor Level 3  
  96  13:10  Roach  
  96  13:11  Roach x6  
  96  13:12  Roach  
  104  13:13  Roach x5  
  104  13:14  Hydralisk  
  104  13:15  Hydralisk x4  
  118  13:35  Overseer  
  118  13:37  Overlord  
  118  13:38  Overlord  
  118  13:50  Overseer  
  118  13:56  Hydralisk  
  118  13:57  Hydralisk x2  
  118  13:59  Lurker Den  
  118  14:01  Tunneling Claws  
  124  14:39  Hydralisk x3  
  130  14:49  Roach  
  130  14:50  Roach x5  
  130  14:51  Hydralisk  
  130  14:52  Hydralisk x5  
  114  15:43  Hydralisk  
  114  15:44  Hydralisk x5  
  114  15:47  Zerg Melee Weapons Level 1  
  94  16:07  Hydralisk  
  94  16:08  Hydralisk x4  
  104  16:12  Roach x5  
  114  16:20  Hatchery x2  
  104  16:38  Lurker x6  
  106  16:53  Roach x3  
  106  16:54  Roach x5  
  122  16:56  Roach  
  122  16:57  Roach x5  
  134  17:07  Overlord  
  134  17:10  Overseer  
  130  17:26  Roach x2  
  130  17:28  Hydralisk x6  
  146  17:33  Drone  
  147  18:12  Overlord x3  
  145  18:18  Overlord x3  
  135  18:47  Hydralisk  
  135  18:48  Hydralisk x2  
  135  18:55  Roach  
  141  18:56  Roach x3  
  121  19:21  Overseer  
  103  19:36  Overlord  
  103  19:37  Overlord  
  103  19:40  Zerg Melee Weapons Level 2  
  103  19:51  Extractor  
  102  19:55  Extractor  
  99  20:19  Hydralisk  
  99  20:20  Hydralisk x14  
  121  20:45  Roach x8  
  115  21:07  Roach x6  
  123  21:13  Queen  
  123  21:14  Overseer  
  110  22:02  Hydralisk x8  
Show
View Real Time Build Order
Export as new Build Order

Stimpy Terran 

Build Orders:  

Get SALT Encoding   

  12  0:03  SCV  
  13  0:15  SCV  
  14  0:25  Supply Depot  
  14  0:39  SCV  
  15  0:48  Supply Depot  
  15  0:50  Barracks  
  15  1:05  Supply Depot  
  15  1:10  SCV  
  16  1:12  Supply Depot  
  16  1:22  SCV  
  17  1:46  Bunker  
  17  1:54  Marine  
  17  1:57  Command Center  
  18  2:01  Refinery  
  18  2:05  SCV  
  19  2:12  Refinery  
  19  2:14  Marine  
  20  2:30  Engineering Bay  
  20  2:32  Marine  
  21  2:44  SCV  
  21  2:50  Barracks Reactor  
  22  2:56  SCV  
  23  3:08  SCV  
  24  3:16  SCV  
  24  3:17  Factory  
  25  3:21  SCV  
  26  3:29  SCV  
  26  3:30  Missile Turret  
  26  3:32  Marine  
  28  3:37  Marine  
  28  3:41  SCV  
  30  3:53  SCV  
  30  3:56  Marine  
  30  3:57  Marine  
  32  4:03  Factory Tech Lab  
  32  4:08  SCV  
  32  4:09  Armory  
  33  4:16  Marine  
  33  4:17  Marine  
  34  4:20  SCV  
  34  4:23  Terran Infantry Weapons Level 1  
  36  4:32  SCV  
  36  4:35  Planetary Fortress  
  37  4:44  Missile Turret  
  37  4:50  Marine x2  
  39  4:58  Armory  
  39  5:01  Terran Vehicle And Ship Armor Level 1  
  39  5:03  SCV  
  40  5:10  Missile Turret  
  40  5:30  Thor  
  40  5:34  SCV  
  47  5:42  Missile Turret  
  47  5:46  SCV  
  48  5:52  Marine x2  
  50  5:57  Terran Vehicle Weapons Level 1  
  50  5:58  SCV  
  51  6:04  Missile Turret  
  51  6:06  Refinery  
  51  6:09  Refinery  
  51  6:11  SCV  
  52  6:23  SCV  
  52  6:24  Thor  
  59  6:35  SCV  
  60  6:55  Marine x2  
  62  7:21  Supply Depot  
  62  7:26  Supply Depot  
  62  7:30  Factory  
  62  7:32  Factory  
  62  7:42  Thor, Marine x2  
  62  7:43  Supply Depot  
  70  7:47  SCV  
  70  7:49  Supply Depot x2  
  71  7:59  SCV  
  71  8:00  Marine x2  
  74  8:11  SCV  
  74  8:12  Supply Depot  
  75  8:18  Marine x2  
  77  8:20  Factory Tech Lab x2  
  77  8:23  SCV  
  77  8:25  Terran Vehicle Weapons Level 2, Thor  
  84  8:35  Marine x2  
  84  8:36  SCV  
  87  8:45  Thor  
  87  8:48  SCV  
  94  9:00  SCV  
  95  9:04  Command Center  
  95  9:10  Terran Vehicle And Ship Armor Level 2  
  95  9:12  SCV  
  96  9:24  SCV  
  64  10:18  Missile Turret, SCV  
  65  10:34  Planetary Fortress  
  65  10:39  Missile Turret  
  49  10:49  Thor  
  49  10:50  Thor x2  
  49  10:51  Marine x2  
  69  10:59  Missile Turret  
  69  11:08  Terran Vehicle Weapons Level 3  
  69  11:09  Marine x2  
  69  11:10  Terran Infantry Armor Level 1  
  71  11:27  Marine x2  
  71  11:32  Thor  
  71  11:34  Thor  
  71  11:35  Thor  
  89  11:40  SCV  
  89  11:44  Marine x2  
  92  11:52  SCV  
  93  12:04  SCV  
  93  12:12  Command Center  
  93  12:15  Thor  
  99  12:17  Siege Tank  
  99  12:18  Siege Tank  
  99  12:20  Sensor Tower  
  105  12:49  Siege Tank  
  105  12:50  Siege Tank  
  64  14:04  Thor  
  64  14:05  Thor x2  
  64  14:06  Marine x2  
  84  14:31  SCV  
  85  14:43  SCV  
  86  14:54  Missile Turret  
  72  16:02  Thor  
  66  16:05  SCV  
  61  16:39  Thor  
  61  16:50  SCV  
  61  16:54  Refinery  
  62  16:55  Refinery  
  62  17:02  SCV, Terran Vehicle And Ship Armor Level 3  
  63  17:17  Thor  
  69  17:36  Command Center  
  69  17:57  Command Center  
  69  18:26  Thor  
  69  18:27  Thor x2  
  75  18:32  Terran Infantry Armor Level 2  
  87  18:37  SCV  
  88  18:49  SCV  
  89  19:01  SCV  
  90  19:10  Planetary Fortress  
  90  19:14  SCV  
  91  19:22  Orbital Command  
  91  19:26  SCV  
  92  19:42  Missile Turret  
  86  20:01  SCV  
  87  20:09  Thor  
  87  20:10  Thor x2  
  87  20:13  SCV  
  106  20:15  Marine x2  
  108  20:25  SCV  
  109  20:33  Marine x2  
  109  20:34  Missile Turret  
  111  20:38  SCV  
  112  20:50  SCV, Marine  
  112  20:51  Marine  
  112  20:52  Thor  
  112  20:54  Refinery  
  121  20:59  Missile Turret  
  121  21:02  Refinery, SCV  
  122  21:08  Marine x2  
  124  21:14  SCV  
  125  21:23  Missile Turret  
  124  21:26  Marine  
  125  21:46  Missile Turret  
  125  21:54  Thor x2  
  125  21:55  Marine  
  125  21:56  Marine  
  139  22:02  Thor  
  145  22:09  SCV  
  145  22:13  Marine  
  145  22:14  Marine  
  148  22:21  SCV  
  142  22:31  Marine x2  
  142  22:34  SCV  
  143  22:46  SCV  
Tags
 
Add a new tag
Caveats
  • Supply blocks, unpowered buildings, or Contaminate may cause inaccurate times.
  • Supply counts are checked every 10 seconds.